 Dungeon Crawl Stone Soup version 0.27-a0-1434-g6f15984924 (webtiles) character file.

Game seed: 13921820625308195506

2979 nyamberluvr69 the Thaumaturge (level 9, -3/45 HPs)
             Began as a Deep Elf Conjurer on July 3, 2021.
             Was a Follower of Vehumet.
             Slain by an orc warrior (13 damage)
             ... on level 7 of the Dungeon.
             The game lasted 00:39:06 (8459 turns).

nyamberluvr69 the Thaumaturge (Deep Elf Conjurer)   Turns: 8459, Time: 00:39:07

Health: -3/45      AC:  2    Str:  4    XL:     9   Next: 53%
Magic:  20/23      EV: 12    Int: 27    God:    Vehumet [*.....]
Gold:   315        SH:  0    Dex: 13    Spells: 3/24 levels left

rFire    . . .     SeeInvis .   q - +0 short sword
rCold    . . .     Faith    .   (no shield)
rNeg     . . .     Spirit   .   a - +0 robe
rPois    .         Reflect  .   (no helmet)
rElec    .         Harm     +   b - scarf {harm}
rCorr    .         Rampage  .   (no gloves)
Will     .....                  (no boots)
Stlth    ++........             n - amulet of magic regeneration
HPRegen  0.15/turn              E - ring of flight
MPRegen  0.43/turn              (no ring)

@: flying
A: no striking features
a: Renounce Religion


You were on level 7 of the Dungeon.
You worshipped Vehumet.
Vehumet was aware of your devotion.
You visited 2 branches of the dungeon, and saw 9 of its levels.

You collected 315 gold pieces.

Inventory:

Hand Weapons
 d - a +0 dagger
 q - a +0 short sword (weapon)
Missiles
 z - a curare-tipped dart
 C - 2 throwing nets (quivered)
Armour
 a - a +0 robe (worn)
 b - a scarf of harm (worn)
 c - a scarf of repulsion
 k - a scarf of shadows
 D - a scarf of invisibility
Magical Staves
 i - a staff of earth
Jewellery
 n - an amulet of magic regeneration (around neck)
 E - a ring of flight (left hand)
Wands
 x - a wand of iceblast (6)
Scrolls
 e - 3 scrolls of enchant armour {unknown}
 g - 4 scrolls of teleportation {unknown}
 h - a scroll of vulnerability {unknown}
 o - 3 scrolls of identify {unknown}
 p - a scroll of noise {unknown}
 s - a scroll of fear {unknown}
 u - a scroll of holy word {unknown}
 v - a scroll of fog {unknown}
 w - a scroll of magic mapping {unknown}
 y - a scroll of blinking {unknown}
Potions
 f - 2 potions of heal wounds
 j - a potion of invisibility {unknown}
 l - a potion of attraction {unknown}
 m - a potion of ambrosia {unknown}
 r - a potion of mutation {unknown}
 t - a potion of brilliance {unknown}
 A - a potion of curing {unknown}
 B - a potion of lignification {unknown}


   Skills:
 - Level 2.4 Dodging
 - Level 2.4 Stealth
 - Level 8.3 Spellcasting
 - Level 8.0 Conjurations
 - Level 8.1 Hexes
 + Level 1.9 Translocations
 - Level 3.0 Transmutations
 - Level 3.0 Fire Magic
 - Level 5.0 Air Magic
 - Level 3.8 Earth Magic


You had 3 spell levels left.
You knew the following spells:

 Your Spells              Type           Power      Damage    Failure   Level
a - Magic Dart            Conj           100%       1d8       1%          1
b - Searing Ray           Conj           100%       3d7       1%          2
c - Dazzling Flash        Conj/Hex       100%       N/A       1%          3
d - Passwall              Tmut/Erth      24%        N/A       1%          2
e - Swiftness             Air            38%        N/A       1%          3
f - Fulminant Prism       Conj/Hex       26%        3d14      1%          4
g - Conjure Flame         Conj/Fire      41%        6-21      1%          3
h - Teleport Other        Tloc           21%        N/A       7%          3

Your spell library contained the following spells:

 Spells                   Type           Power      Damage    Failure   Level
 Shock                    Conj/Air       100%       1d9       1%          1
 Beastly Appendage        Tmut           54%        N/A       1%          1
 Sting                    Tmut/Pois      76%        1d6       2%          1
 Gell's Gravitas          Tloc           10%        N/A       7%          3
 Ignite Poison            Fire/Tmut/Pois 22%        N/A       7%          3
 Lesser Beckoning         Tloc           10%        N/A       7%          3
 Spider Form              Tmut/Pois      9%         N/A       9%          3
 Sticky Flame             Conj/Fire      41%        2d6       5%          4
 Iskenderun's Battlesphe  Conj           53%        2d10      5%          5
 Iskenderun's Mystic Bla  Conj/Tloc      38%        2d9       6%          4
 Summon Lightning Spire   Summ/Air       24%        N/A       19%         4
 Invisibility             Hex            26%        N/A       26%         6
 Iron Shot                Conj/Erth      21%        9d5       56%         6
 Spellforged Servitor     Conj/Summ      16%        N/A       100%        7
 Storm Form               Tmut/Air       16%        N/A       100%        7
 Maxwell's Capacitive Co  Air            19%        ∞         100%        8
 Necromutation            Tmut/Necr      9%         N/A       100%        8


Dungeon Overview and Level Annotations

Branches:
Dungeon (8/15)             Temple (1/1) D:4
   Lair: D:8-11

Altars:
Cheibriados
Dithmenos
Elyvilon
Fedhas
Gozag
Hepliaklqana
Kikubaaqudgha
Makhleb
Nemelex Xobeh
Okawaru
Qazlal
Ru
Sif Muna
Trog
Uskayaw
Vehumet
Wu Jian
Xom
Yredelemnul
Zin
The Shining One

Annotations:
D:3 1 runed translucent door, Crazy Yiuf
D:5 3 runed translucent doors, barkas's ghost, novice NaTm


Message History

Restarting spell: Searing Ray (safe; 1% risk of failure)
Press: ? - help, Shift-Dir - straight line (Press . to maintain the ray.)
The centaur shoots an arrow.
The arrow hits you!
You fly upwards.
There is a stone staircase leading down here.
You start resting.
Magic restored.
You start resting.
HP restored.
You see here a +0 robe.
You see here 22 bolts.
You see here 13 stones.
There is a stone staircase leading down here.
You fly downwards.
An orc wizard comes into view. It is wielding a +0 dagger.
The orc wizard shouts!
The orc warrior hits you with a +0 halberd.
The centaur unwields a +0 shortbow.
The centaur hits you. The centaur kicks you.
Found a fuming silvery potion.
There is a stone staircase leading up here.
Unknown command.
The orc warrior hits you with a +0 halberd!!
Ouch! That really hurt!
* * * LOW HITPOINT WARNING * * *
The centaur barely misses you.
The centaur kicks you but does no damage.
You fly upwards.
There is a stone staircase leading down here.
Casting: Searing Ray (safe; 1% risk of failure)
Confirm with . or Enter, or press ? or * to list all spells.
Aiming: Teleport Other (dangerous; 7% risk of failure)
Press: ? - help, Shift-Dir - straight line, f - orc warrior
Aim: an orc warrior, wielding a +0 halberd and wearing a +0 chain mail (chance to affect: 60%)
The orc warrior resists with significant effort.
The centaur misses you. The centaur kicks you.
* * * LOW HITPOINT WARNING * * *
The orc warrior hits you with a +0 halberd!
You die...

### ..# ..# ..# ..#
..# ..# ####### .##
##...@.## .#
##....co.## .##
#....[....# ..##
#.........# ...#
#.........#
...########.........#
....##....#.........#
..........#.........#
....##....(....>....#


You could see an orc warrior and a centaur.

Vanquished Creatures
  Pikel (D:4)
  Grinder (D:4)
  Edmund (D:4)
  An orc warrior (D:7)
  2 black bears (D:4)
  2 necrophages
  An ogre (D:5)
  A phantom (D:5)
  A centaur (D:5)
  A lemure (D:4)
  A kobold brigand (D:6)
  A bullfrog (D:6)
  2 scorpions
  3 water moccasin zombies
  2 gnoll sergeants
  A wyvern skeleton (D:5)
  A water moccasin skeleton (D:4)
  A bullfrog zombie (D:6)
  3 centaur zombies
  3 orc priests
  A jelly (D:5)
  A bullfrog skeleton (D:7)
  A centaur skeleton (D:6)
  2 hounds (D:5)
  Natasha (twice) (D:4)
  4 iguanas
  An orc wizard (D:5)
  2 scorpion zombies (D:5)
  2 hound skeletons (D:4)
  15 gnolls
  3 adders
  A shadow imp (D:6)
  A white imp (D:7)
  An ufetubus (D:5)
  An adder skeleton (D:4)
  A worm (D:2)
  2 dart slugs
  12 orcs
  6 endoplasms
  3 giant cockroaches
  8 goblins
  7 hobgoblins
  12 jackals
  5 quokkas
  3 ball pythons
  4 bats
  A frilled lizard (D:1)
  15 kobolds
  A quokka skeleton (D:4)
  12 rats
160 creatures vanquished.

Vanquished Creatures (others)
  A fulminant prism (D:5)
  2 fungi (D:5)
  6 toadstools (D:5)
9 creatures vanquished.

Grand Total: 169 creatures vanquished

Notes
Turn   | Place    | Note
-------+----------+-------------------------------------------
     0 | D:1      | nyamberluvr69 the Deep Elf Conjurer began the quest for the
                  | Orb.
     0 | D:1      | Reached XP level 1. HP: 10/10 MP: 6/6
    63 | D:1      | Found a faded altar of an unknown god.
   201 | D:1      | Reached XP level 2. HP: 15/15 MP: 6/8
   304 | D:1      | Reached skill level 5 in Conjurations
   526 | D:1      | Reached XP level 3. HP: 18/19 MP: 3/10
   638 | D:1      | Learned a level 2 spell: Searing Ray
   642 | D:1      | Learned a level 3 spell: Dazzling Flash
  1084 | D:1      | Found a sparkling altar of Nemelex Xobeh.
  1463 | D:2      | Found a hide-covered altar of Uskayaw.
  2140 | D:3      | Reached XP level 4. HP: 24/24 MP: 6/12
  2505 | D:3      | Found a runed translucent door.
  2506 | D:3      | Noticed Crazy Yiuf
  2608 | D:3      | Reached skill level 5 in Spellcasting
  2608 | D:3      | Reached XP level 5. HP: 28/28 MP: 8/14
  2613 | D:3      | Learned a level 2 spell: Passwall
  2617 | D:3      | Learned a level 3 spell: Swiftness
  3085 | D:4      | Noticed a black bear
  3097 | D:4      | Killed a black bear
  3112 | D:4      | Reached XP level 6. HP: 29/32 MP: 4/17
  3339 | D:4      | Learned a level 4 spell: Fulminant Prism
  3406 | D:4      | Noticed Edmund
  3472 | D:4      | HP: 1/29 [Edmund (3)]
  3473 | D:4      | Killed Edmund
  3474 | D:4      | Reached XP level 7. HP: 2/36 MP: 13/19
  3789 | D:4      | Noticed Pikel
  3805 | D:4      | Killed Pikel
  3971 | D:4      | Learned a level 3 spell: Conjure Flame
  3998 | D:4      | Reached XP level 8. HP: 41/41 MP: 18/22
  4027 | D:4      | Found a staircase to the Ecumenical Temple.
  4036 | Temple   | Entered the Ecumenical Temple
  4081 | Temple   | Became a worshipper of Vehumet
  4404 | D:4      | Noticed Grinder
  4405 | D:4      | Paralysed by Grinder for 6 turns
  4417 | D:4      | Killed Grinder
  4672 | D:4      | Learned a level 3 spell: Teleport Other
  4826 | D:4      | Noticed Natasha
  4831 | D:4      | Killed Natasha
  4835 | D:4      | Reached skill level 1 in Transmutations
  5098 | D:4      | Noticed Natasha
  5102 | D:5      | Entered Level 5 of the Dungeon
  5286 | D:4      | Killed Natasha
  5724 | D:5      | HP: 1/41 [centaur/arrow (6)]
  6115 | D:5      | Reached skill level 5 in Air Magic
  6214 | D:5      | Reached XP level 9. HP: 45/45 MP: 20/23
  6239 | D:5      | Found a runed translucent gate.
  6240 | D:5      | Found a runed translucent gate.
  6240 | D:5      | Noticed barkas's ghost (novice NaTm)
  6241 | D:5      | Found a runed translucent gate.
  6273 | D:5      | Reached skill level 1 in Fire Magic
  7127 | D:6      | Reached * piety under Vehumet
  7127 | D:6      | Offered knowledge of Shock by Vehumet.
  7951 | D:7      | Got the Grimoire of Shifting Poisoning
  8025 | D:7      | Reached skill level 1 in Translocations
  8459 | D:7      | Slain by an orc warrior

Illustrated notes

Levels and vault maps discovered:
D:1:      dpeg_arrival_water_altar, layout_loops_ring,
          hellmonk_ecumenical_altar_inner_sanctum
D:2:      layout_basic, basic_altar
D:3:      layout_loops_ring, uniq_crazy_yiuf_cottage
D:4:      layout_loops_ring, lemuel_temple_firewalk_b, minmay_surrounded,
          uniq_natasha, uniq_grinder, uniq_pikel, uniq_edmund
D:5:      layout_loops_ring, gammafunk_ghost_split, minmay_gold_behind_fungi,
          lightli_minifort
D:6:      layout_basic
D:7:      layout_rooms, chequers_serial_rivers_micro_c
D:8:      layout_rooms, serial_glass, glass_columns_c, glass_columns_c,
          glass_columns_a, glass_columns_a, glass_columns_a, glass_columns_a,
          minmay_chambers_of_fives
Temple:   nicolae_temple_the_god_donut

Skill      XL: |  1  2  3  4  5  6  7  8  9 |
---------------+----------------------------+-----
Conjurations   | 5 6 7 8 |  8.0
Spellcasting   | 4 5 6 7 8 |  8.3
Hexes          | 3 4 6 8 |  8.1
Air Magic      | 5 |  5.0
Earth Magic    | 3 |  3.8
Transmutations | 3 |  3.0
Fire Magic     | 3 |  3.0
Translocations | 1 |  1.9
Dodging        | |  2.4
Stealth        | |  2.4

Action                   |  1- 3 |  4- 6 |  7- 9 || total
-------------------------+-------+-------+-------++-------
Melee: Dagger            |     2 |       |       ||     2
       Short sword       |       |     7 |       ||     7
Throw: Throwing net      |       |     1 |       ||     1
 Cast: Magic Dart        |    83 |    69 |    67 ||   219
       Searing Ray       |     4 |     8 |    48 ||    60
       Dazzling Flash    |       |     1 |     1 ||     2
       Fulminant Prism   |       |       |     1 ||     1
       Teleport Other    |       |       |     1 ||     1
  Use: Potion            |       |       |     1 ||     1
 Stab: Held in net/web   |       |     1 |       ||     1
Armor: Robe              |    10 |     1 |     1 ||    12
Dodge: Dodged            |    12 |    14 |    17 ||    43

Table legend: (Time is in decaauts)
 A = Elapsed time spent in this place.
 B = Non-inter-level travel time spent in this place.
 C = Inter-level travel time spent in this place.
 D = Time resting spent in this place.
 E = Time spent auto-exploring this place.
 F = Levels seen in this place.
 G = Mean time per level.
                   A        B        C        D        E       F      G
               +--------+--------+--------+--------+--------+-----+--------+
         Total |   8476 |   8237 |    239 |   2102 |   5050 |   9 |  941.8 |
       Dungeon |   8179 |   7948 |    231 |   2102 |   4783 |   8 | 1022.4 |
        Temple |    296 |    288 |      8 |      0 |    267 |   1 |  296.0 |
               +--------+--------+--------+--------+--------+-----+--------+

Top non-repeatable levels by time:
     D:4: 2189 daAuts
     D:5: 1286 daAuts
     D:1: 1122 daAuts
     D:2: 983 daAuts
     D:6: 980 daAuts
     D:3: 921 daAuts
     D:7: 686 daAuts
  Temple: 296 daAuts
     D:8: 8 daAuts
